 Dungeon Crawl Stone Soup version 0.31-a0-257-gf185e81a89 (webtiles) character file.

Game seed: 17798043499759009226

413 qw the Shooter (level 6, -2/37 HPs)
             Began as a Gargoyle Hexslinger on July 12, 2023.
             Slain by a quokka (3 damage)
             ... summoned by Eustachio
             ... on level 4 of the Dungeon.
             The game lasted 00:01:06 (2795 turns).

qw the Shooter (Gargoyle Hexslinger)                Turns: 2795, Time: 00:01:07

Health: -2/37      AC: 12    Str: 11      XL:     6   Next: 90%
Magic:  7/7        EV: 12    Int: 14      God:
Gold:   196        SH:  5    Dex: 13 (14) Spells: 6/7 levels left

rFire   . . .        Y - +2 sling (drain)
rCold   + . .        (no shield)
rNeg    + . .        a - +2 robe
rPois   inf          (no helmet)
rElec   +            (no cloak)
rCorr   .            (no gloves)
SInv    .            (no boots)
Will    .....        k - amulet of reflection
Stlth   +            g - ring of protection from cold
HPRegen 0.26/turn    d - +4 ring of protection
MPRegen 0.10/turn

%: reflection
@: no status effects
A: sickness immunity, AC +4, negative energy resistance 1, electricity
resistance, torment resistance 1, petrification resistance
a: no special abilities


You were on level 4 of the Dungeon.
You visited 1 branch of the dungeon, and saw 4 of its levels.

You collected 196 gold pieces.


Innate Abilities, Weirdness & Mutations

You are immune to sickness and miasma.
Your stone body is resilient. (AC +4)
You are immune to poison.
You resist negative energy. (rN+)
You are resistant to electric shocks. (rElec)
You are resistant to unholy torment.
You are immune to petrification.


   Skills:
 + Level 3.2 Fighting
 - Level 6.3 Ranged Weapons
 - Level 1.0 Armour
 - Level 1.5 Dodging
 - Level 1.0 Spellcasting
 - Level 2.6 Hexes


You had 6 spell levels left.
You knew the following spells:

 Your Spells              Type           Power      Damage    Failure   Level
a - Slow                  Hex            32%        N/A       9%          1

Your spell library contained the following spells:

 Spells                   Type           Power      Damage    Failure   Level
 Inner Flame              Hex/Fire       4%         N/A       41%         3
 Portal Projectile        Hex/Tloc       8%         N/A       41%         3
 Cause Fear               Hex            4%         N/A       65%         4

Inventory:

Hand Weapons
 Y - a +2 sling of draining (weapon)
Armour
 a - a +2 robe (worn)
Jewellery
 d - a +4 ring of protection (right hand)
 g - a ring of protection from cold (left hand)
 k - an amulet of reflection (around neck)
Scrolls
 i - a scroll of enchant armour
 j - 2 scrolls of identify
Potions
 c - a potion of might
 e - a potion of mutation {unknown}
 h - a potion of attraction {unknown}

Dungeon Overview and Level Annotations

Branches:
Dungeon (4/15)
 Temple: D:4-7

Altars:

Shops:
D:2 (

Annotations:
D:4 Eustachio


Message History

The sling bullet closely misses the quasit.
The crimson imp disappears in a puff of smoke!
The bat barely misses you. The quasit closely misses you.
The quasit misses you.
The quasit claws you but does no damage.
The quokka bites you but does no damage.
You shoot a sling bullet.
The sling bullet closely misses the quasit.
The bat hits you but does no damage. You block the quasit's attack.
The quasit claws you but does no damage. x2
You block the quokka's attack. The bat barely misses you.
Eustachio gestures wildly while chanting.
The quasit bites you but does no damage.
The quasit claws you but does no damage. x2
You shoot a sling bullet. The sling bullet hits the quasit!
The quasit is severely wounded.
The bat disappears in a puff of smoke!
The quokka twitches its whiskers.
The quokka bites you. The quasit closely misses you.
The quasit claws you but does no damage. x2
The quokka closely misses you.
You shoot a sling bullet. The sling bullet hits the quasit.
The quasit is almost dead.
The quasit completely misses you.
The quasit claws you but does no damage.
The quasit closely misses you. You block the quokka's attack.
You shoot a sling bullet.
The sling bullet barely misses the quasit.
The quasit closely misses you.
The quasit claws you but does no damage.
You block the quasit's attack. You block the quokka's attack.
Eustachio casts a spell.
The river rat bites you! The quasit bites you.
You feel clumsy. The quasit closely misses you.
The quasit claws you but does no damage.
You shoot a sling bullet. The sling bullet hits the quasit.
You kill the quasit!
The quasit disappears in a puff of smoke!
The bat barely misses you. The quokka bites you.
You die...

..
#..#...........#
#.....)...#.#
#.....>..##.#
#..).....#..#
##........#.##
###.....5...#.#
......b.5.r.#.#
#.¤rr.@...#
###@####.## #%#
#.# ..# #.# ...#
#.# ....# #.#
.....# #.#
....... ..#
........ ...


You could see Eustachio (very drained), a quasit (summoned), 2 river rats, a
shadow imp (summoned), a quokka (summoned) and a bat (summoned).

Vanquished Creatures
  Sigmund (D:3)
  An ogre (D:4)
  Jessica (D:3)
  Terence (D:3)
  7 adders
  2 worms (D:2)
  2 dart slugs
  2 endoplasms
  4 hobgoblins
  2 jackals (D:1)
  2 kobolds (D:1)
  3 quokkas
  7 ball pythons
  6 bats
  3 frilled lizards
  5 goblins
  5 rats
54 creatures vanquished.

Notes
Turn   | Place    | Note
-------+----------+-------------------------------------------
     0 | D:1      | qw the Gargoyle Hexslinger began the quest for the Orb.
     0 | D:1      | Reached XP level 1. HP: 12/12 MP: 2/2
     0 | D:1      | 0 ||| qw: Version: 0.3-a-52-g30416fa
     0 | D:1      | 0 ||| qw: Game counter: 6790
     0 | D:1      | 0 ||| qw: Melee chars always use a shield: true
     0 | D:1      | 0 ||| qw: God list: Okawaru
     0 | D:1      | 0 ||| qw: Allow faded altars: false
     0 | D:1      | 0 ||| qw: Do Orc after clearing Dungeon:15 true
     0 | D:1      | 0 ||| qw: Do second Lair branch before Depths: true
     0 | D:1      | 0 ||| qw: Lair rune preference: random
     0 | D:1      | 0 ||| qw: Goals: Normal
     0 | D:1      | 0 ||| PLANNING D:1-11
   175 | D:1      | 175 ||| UPGRADING to +0 leather armour.
   185 | D:1      | 185 ||| DROPPING +0 robe.
   227 | D:1      | 227 ||| READING scroll labelled PACAEG GIUNO.
   245 | D:1      | Reached XP level 2. HP: 14/16 MP: 3/3
   388 | D:1      | 388 ||| READING scroll labelled TISEAZ FOSIAW.
   389 | D:1      | 389 ||| READING scroll labelled VIZAWU MIUMEPY.
   390 | D:1      | 390 ||| DROPPING scroll of poison.
   408 | D:1      | Reached skill level 3 in Ranged Weapons
   956 | D:1      | 956 ||| UPGRADING to +0 ring mail.
   966 | D:1      | 966 ||| DROPPING +0 leather armour.
   967 | D:1      | 967 ||| UPGRADING to ring of protection from cold.
   968 | D:1      | 968 ||| READING scroll labelled JEUXTAINUA.
  1116 | D:2      | Found a faded altar of an unknown god.
  1122 | D:2      | Reached XP level 3. HP: 21/21 MP: 4/4
  1410 | D:2      | Reached XP level 4. HP: 26/26 MP: 5/5
  1455 | D:2      | Reached skill level 4 in Ranged Weapons
  1623 | D:2      | Found Ecunur's Antique Weapon Emporium.
  1629 | D:2      | Reached skill level 1 in Armour
  1894 | D:2      | 1894 ||| DROPPING amulet of magic regeneration.
  1895 | D:2      | 1895 ||| UPGRADING to amulet of reflection.
  1900 | D:2      | 1900 ||| DROPPING amulet of guardian spirit.
  1901 | D:2      | 1901 ||| UPGRADING to +4 ring of protection.
  1902 | D:2      | 1902 ||| READING 2 scrolls labelled VANKOY RIDAIDD.
  1903 | D:2      | 1903 ||| READING 2 scrolls of identify.
  1903 | D:2      | 1903 ||| IDENTIFYING red potion
  1904 | D:2      | 1904 ||| DROPPING potion of magic.
  1951 | D:3      | Noticed Sigmund
  1958 | D:3      | Killed Sigmund
  1959 | D:3      | Reached skill level 5 in Ranged Weapons
  1959 | D:3      | Reached XP level 5. HP: 18/30 MP: 6/6
  1959 | D:3      | Reached XP level 6. HP: 22/35 MP: 7/7
  2039 | D:3      | 2039 ||| Stepping ~*~*~tactically~*~*~ (water).
  2126 | D:3      | Noticed Jessica
  2132 | D:3      | Killed Jessica
  2232 | D:3      | Noticed Terence
  2238 | D:3      | Killed Terence
  2239 | D:3      | Reached skill level 3 in Fighting
  2634 | D:3      | 2634 ||| UPGRADING to +2 robe.
  2644 | D:3      | 2644 ||| DROPPING +0 ring mail.
  2645 | D:3      | 2645 ||| DROPPING ring of wizardry.
  2646 | D:3      | 2646 ||| READING scroll labelled DYALIL LUTRUF.
  2647 | D:3      | 2647 ||| READING scroll labelled ZUJOM FEPPUP.
  2648 | D:3      | 2648 ||| READING 2 scrolls of identify.
  2648 | D:3      | 2648 ||| IDENTIFYING bubbling silvery potion
  2734 | D:4      | Reached skill level 6 in Ranged Weapons
  2753 | D:4      | Noticed Eustachio
  2792 | D:4      | HP: 9/37 [quokka[Eustachio] (4)]
  2794 | D:4      | HP: 2/37 [river rat[Eustachio] (8)]
  2795 | D:4      | Slain by a quokka

Levels and vault maps discovered:
D:1:      dpeg_arrival_simpleton_b, layout_basic, serial_co_window_serial,
          co_window_paths_a, co_window_corner_a, co_window_corner_a,
          co_window_corner_a, co_window_paths_a, co_window_paths_a,
          co_window_paths_c, co_window_2corner, co_window_corner_b,
          co_window_of_opportunity_c, co_window_2corner,
          co_window_unsneaky_path_d, glass_columns_a, minmay_pentomino_u4
D:2:      layout_basic, serial_shops, shop, basic_ecumenical_altar
D:3:      wander_river, layout_basic, uniq_jessica, uniq_terence, uniq_sigmund
D:4:      layout_rooms, serial_shops, shop, nicolae_specific_store,
          minivault_14, minmay_pentangle, uniq_eustachio

Skill      XL: |  1  2  3  4  5  6 |
---------------+-------------------+-----
Ranged Weapons | 3 5 6 |  6.3
Fighting       | 2 3 |  3.2
Armour         | 1 |  1.0
Dodging        | |  1.5
Spellcasting   | |  1.0
Hexes          | |  2.6

Action                     |  1- 3 |  4- 6 || total
---------------------------+-------+-------++-------
   Fire: Sling             |   120 |   126 ||   246
    Use: Scroll            |     4 |     5 ||     9
 Armour: Leather armour    |     8 |       ||     8
         Robe              |     2 |    44 ||    46
         Ring mail         |    31 |    15 ||    46
  Dodge: Dodged            |    52 |    82 ||   134
  Block: Other             |       |    24 ||    24

Table legend:
 A = Non-vault XP
 B = Vault XP
 C = Vault XP percentage of total XP
 D = Non-vault monster count
 E = Vault monster count
 F = Vault count percentage of total count
                 A         B        C        D         E       F
            +---------+---------+-------+---------+---------+-------
      Total |     284 |     306 |  51.9 |      47 |       7 |  13.0
            +---------+---------+-------+---------+---------+-------
        D:1 |      26 |       7 |  21.2 |      14 |       4 |  22.2
        D:2 |      78 |       0 |   0.0 |      16 |       0 |   0.0
        D:3 |      56 |     299 |  84.2 |      13 |       3 |  18.8
        D:4 |     124 |       0 |   0.0 |       4 |       0 |   0.0
            +---------+---------+-------+---------+---------+-------
